Cogmind - Beta 13 @@@ ROGUE MODE // 2024.04.14 @ 20:06:26 Player: Glyb Result: Destroyed by Y-45 Defender with Heavy Assault Rifle Performance ------------- Evolutions (2) 1000 Regions Visited (5) 1000 Robots Destroyed (35) 175 Value Destroyed (677) 677 Prototype IDs (0) 0 Alien Tech Used (0) 0 Bonus (153) 153 TOTAL SCORE: 3005 Bonus ------- High Alert Combat Kills 11 Follower Combat Kills 142 Cogmind --------- Core Integrity 0/550 Matter 300/300 Energy 265/265 System Corruption 0% Temperature Cool (9) Movement Flying (31) Location -8/Storage Parts ------- > --- POWER (1) -------- Improved Ion Engine > --- PROPULSION (4) --- Flight Unit Flight Unit Flight Unit Flight Unit > --- UTILITY (4) ------ Visual Processing Unit Sensor Array > --- WEAPON (2) ------- Light Assault Rifle Heavy Mace > --- INVENTORY (5) ---- Light Ion Engine Light Treads Compact Matter Pod (150) Drone Bay (2/2) Great Maul Peak State ------------ > --- POWER ------------ Improved Ion Engine > --- PROPULSION ------- Light Treads Improved Hover Unit Airjet > --- UTILITY ---------- Visual Processing Unit > --- WEAPON ----------- Ion Cannon Improved Datajack > --- INVENTORY -------- Light Deuterium Engine Sensor Array Core Shielding Shield Generator [Rating: 16] Favorites ----------- Power Light Ion Engine Engine Light Ion Engine Propulsion Flight Unit Treads Light Treads Leg Aluminum Leg Hover Unit Hover Unit Flight Unit Flight Unit Utility Visual Processing Unit Device Sensor Array Storage Small Storage Unit Processor Visual Processing Unit Protection Core Shielding Weapon Medium Laser Energy Gun Medium Laser Energy Cannon Ion Cannon Ballistic Gun Assault Rifle Impact Weapon Great Maul Special Melee Weapon Improved Datajack Build | -11 -10 -9 -9 -8 -8 ------- Run | Yrd Mat Mat Min Mat Sto Slots Evolved 4 | . . 2 . 2 . Power . | . . . . . . Propulsion 2 | . . 1 . 1 . Utility 2 | . . 1 . 1 . Weapon . | . . . . . . Parts Attached 63 | 6 6 15 3 1 32 Power 8 | 1 1 2 . 1 3 Engine 8 | 1 1 2 . 1 3 Core . | . . . . . . Reactor . | . . . . . . Propulsion 27 | 2 . 9 3 . 13 Treads 3 | . . . . . 3 Leg 3 | 2 . 1 . . . Wheel . | . . . . . . Hover 8 | . . 6 . . 2 Flight 13 | . . 2 3 . 8 Utility 13 | 1 3 2 . . 7 Device 4 | . 1 . . . 3 Storage 3 | 1 1 1 . . . Processor 1 | . 1 . . . . Hackware . | . . . . . . Protection 5 | . . 1 . . 4 Artifact . | . . . . . . Weapon 15 | 2 2 2 . . 9 Energy Gun 5 | 1 2 2 . . . Energy Cannon 1 | . . . . . 1 Ballistic Gun 6 | 1 . . . . 5 Ballistic Cannon . | . . . . . . Launcher . | . . . . . . Special Weapon . | . . . . . . Impact Weapon 2 | . . . . . 2 Slashing Weapon . | . . . . . . Piercing Weapon . | . . . . . . Special Melee Weapon 1 | . . . . . 1 Unidentified Prototypes . | . . . . . . Parts Lost 17 | . . 2 . 4 11 Power 4 | . . 1 . 1 2 Propulsion 8 | . . 1 . 1 6 Utility 1 | . . . . . 1 Weapon 4 | . . . . 2 2 Highest Loss Streak 7 | . . 1 . 4 7 To Critical Strikes . | . . . . . . Average Slot Usage (%) 80 | . 96 83 78 68 72 Engine 10 | . 14 11 11 8 7 Treads 1 | . . . . . 4 Leg 5 | . 28 . . . . Hover 9 | . . 24 19 . . Flight 10 | . . . 4 26 23 Device 2 | . 4 . . . 6 Storage 7 | . 14 11 11 9 . Processor 9 | . 8 11 11 9 9 Protection 3 | . . 3 . . 7 Energy Gun 11 | . 11 18 22 15 . Ballistic Gun 5 | . 14 3 . . 7 Impact Weapon 1 | . . . . . 4 Naked Turns . | . . . . . . Heaviest Build 17 | 14 17 17 13 13 16 Greatest Support 20 | 20 20 20 13 12 20 Greatest Overweight (x) 4 | 4 . 1 1 1 2 Average Overweight (x) . | . . . . . . Largest Inventory Capacity 10 | 8 10 10 8 8 5 Average Capacity 7 | 7 8 8 8 7 5 Most Carried 10 | 4 9 10 8 6 5 Average Carried 5 | 2 6 7 7 5 4 Final Capacity 10 | 8 10 8 8 5 5 Final Carried 9 | 5 9 8 6 5 5 Class Distribution -------------------- 67% | Mutant 17% | Scavenger-Sprinter 14% | Scavenger-Mutant Dominant Class ---------------- Mutant | -10/Materials Mutant | -9/Materials Mutant | -9/Mines Scavenger-Mutant | -8/Materials Scavenger-Sprinter | -8/Storage Resources | -11 -10 -9 -9 -8 -8 ----------- Run | Yrd Mat Mat Min Mat Sto Matter Collected 871 | 158 204 131 . 78 300 Remotely . | . . . . . . Salvage Created 1114 | . 204 153 . 144 613 Parts 62 | . 11 19 . 6 26 Haulers Intercepted 2 | . 1 . . . 1 Recyclers Shooed 2 | . . 1 . . 1 Parts Field Recycled . | . . . . . . Retrieved Matter . | . . . . . . Parts Self-Destructed . | . . . . . . Prevented . | . . . . . . Kills | -11 -10 -9 -9 -8 -8 ------- Run | Yrd Mat Mat Min Mat Sto Combat Hostiles Destroyed 27 | . 4 8 . 3 12 Melee 4 | . . . . . 4 Guns 18 | . 4 8 . 2 4 Cannons 1 | . . . . . 1 AOE 1 | . . . . 1 . Classes Destroyed 7 | . 4 1 . 1 1 Builder 2 | . . 1 . . 1 Hauler 2 | . 1 . . . 1 Recycler 2 | . . . . 1 1 Watcher 2 | . 1 1 . . . Swarmer 17 | . 2 8 . 3 4 Grunt 6 | . 2 . . . 4 Sentry 4 | . . . . . 4 Best Kill Streak 6 | . 2 4 . 3 6 Combat Bots Only 5 | . 1 4 . 2 5 Max Kills in Single Turn 2 | . 2 2 . 2 1 Gunslinging 1 | . . 1 . . . Exploded 1 | . . . . 1 . Melee 1 | . . . . . 1 Uniques/NPCs Destroyed . | . . . . . . Combat | -11 -10 -9 -9 -8 -8 -------- Run | Yrd Mat Mat Min Mat Sto Hostile Shots Fired 303 | . 23 67 . 67 146 Missed 111 | . 9 25 . 28 49 Damage Taken 2118 | . 124 411 4 378 1201 Core 645 | . 22 69 . 122 432 Absorbed by Shields . | . . . . . . Redirected to Shielding 42 | . . 2 . . 40 Regen/Repaired (Parts) 30 | . . 30 . . . Core Remaining (%) 91 | 100 91 . 82 . . Volleys Fired 96 | . 22 34 . 18 22 Largest 2 | . 2 2 . 2 2 Hottest 115 | . 70 115 . 105 60 Shots Fired 167 | . 39 68 . 33 27 Gun 164 | . 39 68 . 33 24 Cannon 3 | . . . . . 3 Launcher . | . . . . . . Special . | . . . . . . Kinetic 52 | . 22 6 . . 24 Thermal 95 | . 17 60 . 15 3 Explosive . | . . . . . . Electromagnetic 20 | . . 2 . 18 . Robot Hit Streak 5 | . 5 4 . 5 4 Robot Miss Streak 5 | . 4 5 . 5 2 Penetration Max . | . . . . . . Secondary Targets 3 | . . 3 . . . Max Gunslinging Chain 1 | . . 1 . . . Shots Hit Robots 96 | . 22 21 . 13 40 Core Hits 49 | . 10 11 . 9 19 Critical Kills 3 | . . . . . 3 Critical Parts Destroyed 6 | . . . . . 6 Critical Strikes 9 | . . . . . 9 Destroy 2 | . . . . . 2 Smash 7 | . . . . . 7 Melee Attacks 35 | . . . . . 35 Impact 27 | . . . . . 27 Slashing . | . . . . . . Piercing . | . . . . . . Sneak Attacks 2 | . . . . . 2 Combat Hostiles 1 | . . . . . 1 Follow-up Attacks . | . . . . . . Damage Inflicted 2017 | . 286 317 8 197 1209 Guns 948 | . 286 317 . 167 178 Cannons 45 | . . . . . 45 Explosions 30 | . . . . 30 . Melee 963 | . . . . . 963 Ramming 31 | . . . 8 . 23 Kinetic 400 | . 185 37 . . 178 Thermal 521 | . 101 267 . 108 45 Explosive . | . . . . . . Electromagnetic 102 | . . 13 . 89 . Impact 963 | . . . . . 963 Slashing . | . . . . . . Piercing . | . . . . . . Highest Corruption . | . . . . . . Average Corruption . | . . . . . . Corruption Purged . | . . . . . . Corruption Blocked . | . . . . . . Overload Shots . | . . . . . . Overflow Damage 279 | . . . . . 279 Projectiles . | . . . . . . Explosions . | . . . . . . Melee 279 | . . . . . 279 Knockbacks 2 | . . . . . 2 Impact 1 | . . . . . 1 Kinetic . | . . . . . . Secondary 1 | . . . . . 1 Self-Inflicted Damage 40 | . . . 4 26 10 Shots 1 | . . . . 1 . Rammed 10 | . . . 1 . 9 Targets Rammed 10 | . . . 1 . 9 Kicked . | . . . . . . Crushed . | . . . . . . Highest Temperature 407 | . 99 407 . 316 41 Average Temperature 97 | . 35 118 . 116 14 Received Heat Transfer 489 | . 36 66 . 63 324 Effects 3 | . . 2 . 1 . Energy Bleed 1 | . . . . 1 . Interference 2 | . . 2 . . . Siege Activations . | . . . . . . Robots Corrupted . | . . . . . . Combat Hostiles . | . . . . . . Parts Fried 7 | . . . . . 7 Impact Corruptions 8 | . . . . . 8 Robots Melted . | . . . . . . Combat Hostiles . | . . . . . . Parts Melted 2 | . 1 1 . . . Heat Transferred 1408 | . 296 703 . 335 74 Parts Sabotaged . | . . . . . . Parts Stolen . | . . . . . . Parts Stripped . | . . . . . . Power Chain Reactions 1 | . . . . 1 . Alert | -11 -10 -9 -9 -8 -8 ------- Run | Yrd Mat Mat Min Mat Sto Peak Influence 421 | . 166 378 100 153 421 Initial 100 | . . 69 100 39 53 Average 159 | . 96 244 100 99 173 Maximum Alert Level 2 | . . 1 . . 2 Low Security (%) 69 | 100 100 35 100 100 62 Level 1 30 | . . 64 . . 35 Level 2 . | . . . . . 2 Level 3 . | . . . . . . Level 4 . | . . . . . . Level 5 . | . . . . . . High Security . | . . . . . . Max Security . | . . . . . . Squads Dispatched 7 | . . 2 . 2 3 Investigation . | . . . . . . Extermination . | . . . . . . Reinforcement 4 | . . 2 . 1 1 Assault 2 | . . . . . 2 Garrison 1 | . . . . 1 . Intercept . | . . . . . . Searches Triggered . | . . . . . . Construction Impeded . | . . . . . . Haulers Reinforced . | . . . . . . Active Scanning Responses . | . . . . . . Cargo Convoy Interrupts . | . . . . . . Stealth | -11 -10 -9 -9 -8 -8 --------- Run | Yrd Mat Mat Min Mat Sto Distress Signals 3 | . 1 1 . . 1 Communications Jammed . | . . . . . . Distress Signals . | . . . . . . Times Spotted 78 | . 8 19 . 19 32 Peak Tracking Total 12 | . 5 5 . 12 10 Tactical Retreats 10 | . 2 3 . 1 4 Traps | -11 -10 -9 -9 -8 -8 ------- Run | Yrd Mat Mat Min Mat Sto Traps Triggered . | . . . . . . Indirectly . | . . . . . . Trap Hack Attempts . | . . . . . . Triggered . | . . . . . . Disarmed . | . . . . . . Reprogrammed . | . . . . . . Reused . | . . . . . . Traps Extracted . | . . . . . . Installed . | . . . . . . Triggered . | . . . . . . Machines | -11 -10 -9 -9 -8 -8 ---------- Run | Yrd Mat Mat Min Mat Sto Machines Disabled 1 | . . 1 . . . Max in Single Turn 1 | . . 1 . . . Machines Repaired . | . . . . . . Machines Dismantled . | . . . . . . Machines Sabotaged . | . . . . . . Overloaded Fab Kills . | . . . . . . Hacking | -11 -10 -9 -9 -8 -8 --------- Run | Yrd Mat Mat Min Mat Sto Machines Accessed 13 | . 2 3 . . 8 Terminals 10 | . 2 1 . . 7 Fabricators . | . . . . . . Repair Stations 2 | . . 1 . . 1 Recycling Units 1 | . . 1 . . . Scanalyzers . | . . . . . . Garrison Access . | . . . . . . Total Hacks 31 | . 5 10 . . 16 Successful 18 | . 2 8 . . 8 Failed 13 | . 3 2 . . 8 Catastrophic 1 | . 1 . . . . Database Lockouts . | . . . . . . Manual . | . . . . . . Terminals 20 | . 5 1 . . 14 Fabricators . | . . . . . . Repair Stations 10 | . . 8 . . 2 Recycling Units 1 | . . 1 . . . Scanalyzers . | . . . . . . Garrison Access . | . . . . . . Terminal Hacks 10 | . 2 1 . . 7 Record 4 | . 1 1 . . 2 Open Door 1 | . . . . . 1 Alert Level 1 | . . . . . 1 Dispatch Records 1 | . . . . . 1 Patrol Status 1 | . . . . . 1 Registered Components 1 | . 1 . . . . Zone Layout 1 | . . . . . 1 Fabricator Hacks . | . . . . . . Repair Station Hacks 7 | . . 6 . . 1 Scan Component 5 | . . 4 . . 1 Repair 2 | . . 2 . . . Recycling Unit Hacks 1 | . . 1 . . . Report Inventory 1 | . . 1 . . . Scanalyzer . | . . . . . . Garrison Access Hacks . | . . . . . . Unauthorized Hacks . | . . . . . . Terminals . | . . . . . . Fabricators . | . . . . . . Repair Stations . | . . . . . . Recycling Units . | . . . . . . Scanalyzers . | . . . . . . Garrison Access . | . . . . . . Data Cores Recovered . | . . . . . . Used . | . . . . . . Hacking Detections 11 | . 2 1 . . 8 Full Trace Events . | . . . . . . Feedback Events . | . . . . . . Feedback Blocked . | . . . . . . Robot Schematics Acquired . | . . . . . . Robots Built . | . . . . . . Authchips . | . . . . . . Time . | . . . . . . Total Robot Build Rating . | . . . . . . Part Schematics Acquired . | . . . . . . Parts Built . | . . . . . . Authchips . | . . . . . . Time . | . . . . . . Total Part Build Rating . | . . . . . . Parts Repaired 2 | . . 2 . . . Time 52 | . . 52 . . . Parts Recycled . | . . . . . . Recycled Matter . | . . . . . . Retrieved Matter . | . . . . . . Retrieved Components . | . . . . . . Parts Scanalyzed . | . . . . . . Part Schematics Acquired . | . . . . . . Parts Damaged . | . . . . . . Bothacking | -11 -10 -9 -9 -8 -8 ------------ Run | Yrd Mat Mat Min Mat Sto Used RIF Installer . | . . . . . . Robots Hacked 1 | . . . . . 1 Non-combat . | . . . . . . Combat 1 | . . . . . 1 Robot Hacks Applied 2 | . . . . . 2 parse_system 2 | . . . . . 2 Relay Couplers Released . | . . . . . . Fabnet Peak Effective % . | . . . . . . Robots Rewired . | . . . . . . Allies Hacked . | . . . . . . Hacks Repelled . | . . . . . . Allies | -11 -10 -9 -9 -8 -8 -------- Run | Yrd Mat Mat Min Mat Sto Total Allies 2 | . . . . . 2 Largest Group 2 | . . . . . 2 Highest-Rated Group 62 | . . . . . 62 Highest-Rated Ally 31 | . . . . . 31 Total Orders . | . . . . . . Ally Attacks 27 | . . . . . 27 Total Damage 443 | . . . . . 443 Kills 4 | . . . . . 4 Allies Corrupted . | . . . . . . Allies Melted . | . . . . . . Intel | -11 -10 -9 -9 -8 -8 ------- Run | Yrd Mat Mat Min Mat Sto Robot Analysis Total . | . . . . . . Derelict Logs Recovered . | . . . . . . Drone Launches . | . . . . . . Drone Recoveries . | . . . . . . Exploration | -11 -10 -9 -9 -8 -8 ------------- Run | Yrd Mat Mat Min Mat Sto Turns Passed 1522 | 80 270 451 112 138 471 Spaces Moved 1368 | 54 164 424 167 101 458 Core 23 | 15 . . . . 8 Treads 9 | . . . . . 9 Legs 213 | 39 164 10 . . . Wheels . | . . . . . . Hover 603 | . . 414 157 . 32 Flight 520 | . . . 10 101 409 Fastest Speed 31 | 50 120 52 56 34 31 Average Speed 66 | 124 120 56 61 84 46 Slowest Speed 250 | 250 120 190 120 114 160 Overloaded Moves . | . . . . . . Propulsion Burnouts . | . . . . . . Robots Hopped 3 | . . . . 2 1 Cave-ins Triggered . | . . . . . . Exploration Rate (%) 26 | 4 27 34 29 15 47 Regions Visited 5 Branch Regions 2 Pre-discovered Areas . | . . . . . . Known Exits Taken . | . . . . . . Unknown Exits Taken 5 | 1 1 1 1 1 . Scrap Searched . | . . . . . . Spaces Dug . | . . . . . . Terrain Destroyed 3 | . . . . 3 . Melee . | . . . . . . Projectile . | . . . . . . AOE 3 | . . . . 3 . Terrain Rammed . | . . . . . . Walls Destroyed . | . . . . . . Machines Disabled . | . . . . . . Actions | -11 -10 -9 -9 -8 -8 --------- Run | Yrd Mat Mat Min Mat Sto Total 1769 | 65 196 571 178 118 641 Wait 132 | . . 70 4 . 58 Move 1358 | 53 163 423 166 97 456 Hop 2 | . . . . 1 1 Pick Up 31 | 5 4 10 1 . 11 Fast Attach 24 | 5 1 5 . . 13 Attach 27 | 1 2 6 3 1 14 Detach 19 | 1 1 7 1 . 9 Swap 12 | . 3 4 . . 5 Drop 23 | . . 12 2 1 8 Fire 96 | . 22 34 . 18 22 Melee 35 | . . . . . 35 Ram 10 | . . . 1 . 9 Kick . | . . . . . . Crush . | . . . . . . Escape Stasis . | . . . . . . Rewire . | . . . . . . Trap . | . . . . . . Miscellaneous . | . . . . . . Route ------- -11/Scrapyard -10/Materials -9/Materials -9/Mines (discovered 2 exits: [*Mat x2]) -8/Materials -8/Storage History --------- Turn | Location | Event 14 | -11/Scrapyard | Discovered new exit (range 16) 81 | -11/Scrapyard | Entered Materials 205 | -10/Materials | Discovered new exit (range 12) 307 | -10/Materials | Build established: Mutant 351 | -10/Materials | Entered another Materials area 351 | -9/Materials | Evolved 2 slots: Propulsion x1, Utility x1 451 | -9/Materials | Repaired Hover Unit 479 | -9/Materials | Repaired Hover Unit 763 | -9/Materials | Discovered new exit (range 7) 802 | -9/Materials | Entered Mines 833 | -9/Mines | Met a Derelict bent on vengeance 835 | -9/Mines | Discovered new exit (range 7) 872 | -9/Mines | Assembled infested the area 906 | -9/Mines | Discovered new exit (range 8) 914 | -9/Mines | Entered Materials 914 | -8/Materials | Evolved 2 slots: Propulsion x1, Utility x1 972 | -8/Materials | Garrison activated, responded to threat 1045 | -8/Materials | Discovered new exit (range 17) 1052 | -8/Materials | Entered Storage 1080 | -8/Storage | Lost 4 parts (1p1n2w) 1204 | -8/Storage | Core integrity fell below 50% 1230 | -8/Storage | Lost 7 parts (2p3n2w) 1419 | -8/Storage | Met a pair of Derelict thieves 1465 | -8/Storage | Core integrity fell below 20% 1523 | -8/Storage | Destroyed by Y-45 Defender with Heavy Assault Rifle Last Messages --------------- 01474_ G-47 Trooper unfolds itself. 01474_ DT-9EJ(g) suffers critical hit (Burn). 01475_ DT-9EJ(g) overheating. 01475_ K-01 Serf collects debris. 01478_ Acquired 25 matter. 01479_ Sneak attack on A-02 Transporter. 01479_ A-02 Transporter destroyed. 01480_ K-01 Serf cleans the Heavy Doors. 01480_ R-06 Scavenger collects Prototype Energy Gun. 01482_ Destroyed Lgt. Ion Engine. 01482_ U-05 Engineer system corrupted by crushing effect. 01483_ U-05 Engineer system terminally corrupted. 01483_ Wheel fried. 01483_ Structural Scanner fried. 01483_ Terrain Scan Processor fried. 01499_ Sneak attack on Y-45 Defender. 01508_ Y-45 Defender suffers critical hit (Smash). 01508_ Destroyed Heat Sink. 01508_ Y-45 Defender system corrupted by crushing effect. 01511_ Y-45 Defender misfires. Map ----- +----------------------------------------------------+ | | | | | | | | | | | | | ????????????????????????????? | | ????????????#######?????????? | | ????????????# #?????????? | | ????????????# #?????????? | | ????????????#T #?????????? | | ?????????????# #??????????? | | ?????#########+###??????????? | | ?????# ############# | | ?????# + ! | | ?????# #### | | ?????######## #??# | | ??########### #??# | | ### # #??# ! | | #"" """ """ # ##?# | | #"T """ """ # T#?# | | ?"" """ """ + ##?# | | ??# """ """ # ########+#### | | ??# """ """ # | | ??# l # | | ??# @ # | | ??#Y######################### | | ??##????????? # | | ????????????? # | | ?????????????? # | | ??????????????? # "" | | ????????????????? # "" | | ??????????????????? ?# %"" | | ??????????????????###+### [% | | ??????????????????# ####+ | | ??????????????##### ! =[[ | | ?????????????## # | | ?????????????#T + % | | ?????????????## ### ####+ | | ?????????????#!* ### ##?# | | ?????????????#! !#?# #??# | | ?????????????#! !#?# #??##" | | ?????????????#! !#?# ]#??# | | ?????????????#####?# [ #??# | | ???????????????????#!%*#??#!! | | ???????????????????# = #??#! | | ???????????????????#/%!#??### | | ???????????????????#*!=#????? | | ???????????????????# =%#????? | | ???????????????????#[%!#????? | +----------------------------------------------------+ Best States ------------- Heat Dissipation 31 Energy Generation 12 Energy Capacity 265 Matter Stores 300 Matter Capacity 300 Sight Range 18 Robot Scan Range 14 Terrain Scan Range 14 Terrain Scan Density 10 Armor Coverage 150 Core Shielding 20 Evasion (%) 63 Recoil Reduction 1 Item Schematics ----------------- None Robot Schematics ------------------ None Fabricated ------------ Nothing Alien Tech Used ----------------- None Achievements -------------- Fist Fight Loot Pinata Part-time Mechanic Challenges ------------ None Game ------ Seed SpectralPointFilter Manual? 0 Play Time 00:55:10 Cumulative 3.4 hours Start 2024.04.14 @ 19:01:57 End 2024.04.14 @ 20:06:26 Sessions 1 Manual Loads 0 Difficulty Rogue Special Mode None Game No. 5 Rogue 5 Adventurer 0 Explorer 0 Win Type - Total 0 Types 0/0/0/0/0/0/0/0/0 Lore% 2 Gallery% 6 Achievement% 6 Wizard Run 0 Options --------- Layout 0 ASCII 0 Keyboard 1 Movement Numpad Keybinds 0 Fullscreen 2 Font 18/SmallcapsGlow Map View 112x50 Zoom Use 0% Tactical HUD 1 Map Filters NONE Filters NONE Steam 1 RUN: 2854490d-b270-4e56-9bc2-0927bee1b141